 Dungeon Crawl Stone Soup version 0.19.3-4-gbf9329e (webtiles) character file.

7550 Naow the Thaumaturge (level 10, -6/50 HPs)
             Began as a Deep Elf Conjurer on Jan 26, 2017.
             Was an Elder of Vehumet.
             Mangled by a slime creature (14 damage)
             ... on level 10 of the Dungeon.
             The game lasted 00:36:04 (14115 turns).

Naow the Thaumaturge (Deep Elf Conjurer)           Turns: 14115, Time: 00:36:04

Health: -6/50      AC:  6    Str:  5    XL:     10   Next: 96%
Magic:  1/26       EV: 18    Int: 24    God:    Vehumet [****..]
Gold:   539        SH:  5    Dex: 18    Spells: 5 memorised, 14 levels left

rFire  + . .     SeeInvis .     m - +4 dagger (elec)
rCold  + . .     Gourm    .     a - +0 robe
rNeg   . . .     Faith    .     F - +0 buckler
rPois  .         Spirit   .     y - +2 hat
rElec  .         Reflect  .     r - +0 cloak
rCorr  .         Harm     .     p - +1 pair of gloves
MR     +....                    s - +0 pair of boots
Stlth  +++.......               (no amulet)
                                C - ring of stealth
                                J - ring "Niopraych" {Wiz rF+ Dex+3}

@: corroded
A: molten scales 1, cold resistance 1
a: Renounce Religion


You were on level 10 of the Dungeon.
You worshipped Vehumet.
Vehumet was greatly pleased with you.
You were not hungry.

You visited 2 branches of the dungeon, and saw 11 of its levels.
You also visited: Sewer.

You collected 539 gold pieces.

Inventory:

Hand Weapons
 m - a +4 dagger of electrocution (weapon)
Armour
 a - a +0 robe (worn)
 p - a +1 pair of gloves (worn)
 r - a +0 cloak (worn)
 s - a +0 pair of boots (worn)
 y - a +2 hat (worn)
 F - a +0 buckler (worn)
Rods
 D - a +2 rod of shadows (15/15)
   (You found it on level 6 of the Dungeon)
Jewellery
 C - a ring of stealth (right hand)
 J - the ring "Niopraych" (left hand) {Wiz rF+ Dex+3}
   (You found it on level 7 of the Dungeon)

   [ring of wizardry]

   It improves your spell success rate.
   It affects your dexterity (+3).
   It protects you from fire.
Wands
 t - a wand of acid (5/15)
 H - a wand of lightning (8/15)
Scrolls
 d - a scroll of teleportation
 f - a scroll of random uselessness
 h - a scroll of identify
 l - 4 scrolls of remove curse
 u - 2 scrolls of fog
 w - a scroll of magic mapping
 x - 2 scrolls of fear
Potions
 g - a potion of lignification
 i - a potion of haste
 j - 2 potions of heal wounds
 k - a potion of degeneration
 n - 2 potions of flight
 o - 2 potions of cancellation
 q - 2 potions of agility
 v - 3 potions of curing
 z - 2 potions of might
 L - a potion of ambrosia {unknown}
Books
 b - a book of Conjurations

   Spells                             Type                      Level
   a - Magic Dart                     Conjuration                  1
   b - Searing Ray                    Conjuration                  2
   c - Dazzling Spray                 Conjuration/Hexes            3
   d - Fulminant Prism                Conjuration/Hexes            4
   e - Iskenderun's Mystic Blast      Conjuration                  4
   f - Iskenderun's Battlesphere      Conjuration/Charms           5
 e - a book of Beasts

   Spells                             Type                      Level
   a - Summon Butterflies             Summoning                    1
   b - Call Canine Familiar           Summoning                    3
   c - Summon Ice Beast               Ice/Summoning                4
   d - Summon Mana Viper              Hexes/Summoning              5
   e - Summon Hydra                   Summoning                    7
 K - a book of Minor Magic

   Spells                             Type                      Level
   a - Magic Dart                     Conjuration                  1
   b - Blink                          Translocation                2
   c - Call Imp                       Summoning                    2
   d - Repel Missiles                 Charms/Air                   2
   e - Slow                           Hexes                        2
   f - Conjure Flame                  Conjuration/Fire             3
   g - Mephitic Cloud                 Conjuration/Poison/Air       3
Comestibles
 c - 4 bread rations
 A - 5 meat rations
 B - a slice of pizza
 E - a beef jerky
 I - 3 royal jellies
 M - 2 fruits


   Skills:
 + Level 8.2 Dodging
 - Level 2.4 Stealth
 - Level 4.1 Shields
 + Level 10.6 Spellcasting
 + Level 10.4 Conjurations
 + Level 6.4 Hexes
 - Level 10.2 Charms


You had 14 spell levels left.
You knew the following spells:

 Your Spells              Type           Power        Failure   Level  Hunger
a - Magic Dart            Conj           ####         1%          1    None
b - Searing Ray           Conj           ######       1%          2    None
c - Iskenderun's Battles  Conj/Chrm      ######..     1%          5    ####...
d - Iskenderun's Mystic   Conj           ######..     1%          4    None
e - Fulminant Prism       Conj/Hex       ######....   1%          4    None


Dungeon Overview and Level Annotations

Branches:
Dungeon (10/15)            Temple (1/1) D:5
   Lair: D:8-11         Orc: D:9-12

Altars:
Ashenzari
Cheibriados
Dithmenos
Elyvilon
Fedhas
Gozag
Hepliaklqana
Kikubaaqudgha
Makhleb
Nemelex Xobeh
Okawaru
Qazlal
Ru
Sif Muna
Trog
Uskayaw
Vehumet
Xom
Yredelemnul
Zin
The Shining One

Shops:
D:7 :

Annotations:
D:4 Pikel
D:6 Naow's ghost, novice DECj


Innate Abilities, Weirdness & Mutations

You are partially covered in molten scales. (AC +2)
Your flesh is cold resistant. (rC+)


Message History

You block the slime creature's attack. The ooze hits your battlesphere.
Casting: Magic Dart
Confirm with . or Enter, or press ? or * to list all spells.
Aiming: Magic Dart
Press: ? - help, Shift-Dir - straight line, f/p - slime creature
Aim: a slime creature (severely wounded)
The magic dart hits the slime creature.
The slime creature is almost dead.
Your battlesphere fires!
The barrage of energy hits the slime creature.
The slime creature is almost dead.
The ooze hits you but does no damage. You block the slime creature's attack.
The ooze barely misses your battlesphere.
You hit the slime creature but do no damage.
The slime creature is almost dead.
The ooze closely misses you. The slime creature barely misses you.
You hit the slime creature.
The slime creature is almost dead.
The ooze barely misses you. The slime creature hits you!
You die...

#####
###...###
#......P####
#......*...#
#...J.J.#
###.@J###
#####


You could see a slime creature, 2 oozes and a friendly battlesphere.

Vanquished Creatures
  A deep elf mage (D:10)
  Maurice (D:8)
  Joseph (D:8)
  A troll (D:10)
  4 hippogriffs
  4 yaks (D:9)
  A hungry ghost (D:8)
  3 orc warriors
  2 ice beasts
  5 sky beasts
  2 slaves (D:3)
  A necrophage (D:10)
  8 ogres
  A black bear (D:9)
  A phantom (D:7)
  3 centaurs
  A big kobold (D:8)
  4 bullfrogs
  A gnoll sergeant (D:8)
  A scorpion (D:5)
  13 killer bees
  4 howler monkeys
  9 crimson imps
  5 jellies
  6 hounds
  3 orc priests
  6 orc wizards
  A centaur skeleton (D:7)
  2 iguanas
  4 worker ants
  A hound zombie (D:6)
  4 hound skeletons
  Robin (D:2)
  10 gnolls
  11 adders
  A river rat (Sewer)
  2 shadow imps (D:8)
  10 oozes
  2 adder skeletons
  2 worms
  A dart slug (D:1)
  8 leopard geckos
  29 orcs
  5 giant cockroaches
  15 goblins
  9 hobgoblins
  11 jackals
  3 quokkas
  7 ball pythons
  A ball python skeleton (D:4)
  7 bats
  6 frilled lizards
  A jackal zombie (D:6)
  15 kobolds
  A leopard gecko zombie (D:7)
  7 rats
  A fungus (D:10)
270 creatures vanquished.

Vanquished Creatures (others)
  6 fulminant prisms
  6 fungi (D:10)
12 creatures vanquished.

Grand Total: 282 creatures vanquished

Notes
Turn   | Place    | Note
-------+----------+-------------------------------------------
     0 | D:1      | Naow the Deep Elf Conjurer began the quest for the Orb.
     0 | D:1      | Reached XP level 1. HP: 10/10 MP: 6/6
   302 | D:1      | Reached XP level 2. HP: 15/15 MP: 2/8
   306 | D:1      | Learned a level 2 spell: Searing Ray
   660 | D:2      | Reached skill level 5 in Conjurations
   703 | D:2      | Reached XP level 3. HP: 19/19 MP: 5/10
   888 | D:2      | Noticed Robin
  1467 | D:2      | Killed Robin
  1467 | D:2      | Reached XP level 4. HP: 3/24 MP: 4/12
  1848 | D:2      | Found a shimmering altar of Xom.
  1848 | D:2      | Found a shattered altar of Ashenzari.
  2661 | D:3      | Reached XP level 5. HP: 22/28 MP: 4/13
  2668 | D:3      | Learned a level 5 spell: Iskenderun's Battlesphere
  2673 | D:3      | Learned a level 4 spell: Iskenderun's Mystic Blast
  2902 | D:3      | Reached skill level 1 in Charms
  3785 | D:4      | Found a glowing drain.
  3789 | Sewer    | Entered a sewer
  3871 | Sewer    | Reached XP level 6. HP: 32/32 MP: 9/15
  4061 | Sewer    | Reached skill level 5 in Spellcasting
  4501 | D:4      | Noticed a slave
  4502 | D:4      | Noticed a slave
  4504 | D:4      | Noticed Pikel
  4506 | D:4      | Noticed a slave
  4551 | D:3      | Killed a slave
  4575 | D:3      | Killed a slave
  4992 | D:5      | Entered Level 5 of the Dungeon
  5007 | D:5      | Found a staircase to the Ecumenical Temple.
  5019 | Temple   | Entered the Ecumenical Temple
  5322 | D:5      | Noticed a sky beast
  5372 | D:5      | Killed a sky beast
  5372 | D:5      | Reached XP level 7. HP: 13/36 MP: 0/17
  5918 | D:5      | Found a radiant altar of Vehumet.
  6003 | D:5      | Became a worshipper of Vehumet
  6249 | D:6      | Reached skill level 5 in Dodging
  6485 | D:6      | Reached skill level 5 in Charms
  6969 | D:6      | Reached skill level 1 in Shields
  6969 | D:6      | Reached XP level 8. HP: 41/41 MP: 15/19
  7651 | D:6      | Noticed Naow's ghost (novice DECj)
  8866 | D:6      | Reached * piety under Vehumet
  8866 | D:6      | Offered knowledge of Shock by Vehumet.
  9253 | D:7      | HP: 2/41 [orc wizard/magic dart (8)]
  9256 | D:7      | Gained mutation: You have sharp fingernails. [potion of mutation]
  9256 | D:7      | Gained mutation: You are partially covered in icy blue scales. (AC +2) [potion of mutation]
  9503 | D:7      | Found Qaitsa Icwio's Book Shop.
  9594 | D:7      | Got a warped iron ring
  9678 | D:7      | Found a glowing silver altar of Zin.
  9687 | D:7      | Identified the ring "Niopraych" {Wiz rF+ Dex+3} (You found it on level 7 of the Dungeon)
  9693 | D:7      | Learned a level 4 spell: Fulminant Prism
  9786 | D:7      | Reached XP level 9. HP: 45/45 MP: 14/21
 10500 | D:8      | Offered knowledge of Sandblast by Vehumet.
 10597 | D:8      | Reached ** piety under Vehumet
 10620 | D:8      | Noticed Joseph
 10630 | D:8      | Killed Joseph
 10630 | D:8      | Reached skill level 10 in Charms
 10922 | D:8      | Reached skill level 1 in Hexes
 11081 | D:8      | Noticed Maurice
 11088 | D:8      | Killed Maurice
 11239 | D:8      | Found a deep blue altar of Sif Muna.
 11412 | D:8      | Reached XP level 10. HP: 50/50 MP: 16/25
 11745 | D:8      | Offered knowledge of Inner Flame by Vehumet.
 12336 | D:9      | Reached *** piety under Vehumet
 12933 | D:9      | Reached skill level 10 in Conjurations
 12933 | D:9      | Reached skill level 5 in Hexes
 13221 | D:9      | Offered knowledge of Throw Icicle by Vehumet.
 13224 | D:9      | Reached skill level 10 in Spellcasting
 13388 | D:9      | Found a white marble altar of Elyvilon.
 13627 | D:10     | Entered Level 10 of the Dungeon
 13777 | D:10     | Gained mutation: Your flesh is cold resistant. (rC+) [potion of mutation]
 13777 | D:10     | Gained mutation: You tend to lose your temper in combat. [potion of mutation]
 13777 | D:10     | Gained mutation: Your flesh is heat resistant. (rF+) [potion of mutation]
 13778 | D:10     | Gained mutation: You are partially covered in large bone plates. (SH +4) [potion of mutation]
 13778 | D:10     | Lost mutation: You have sharp fingernails. [potion of mutation]
 13778 | D:10     | Gained mutation: You are partially covered in molten scales. (AC +2) [potion of mutation]
 13779 | D:10     | Noticed a deep elf mage
 13782 | D:10     | Lost mutation: You are partially covered in large bone plates. (SH +4) [potion of cure mutation]
 13782 | D:10     | Lost mutation: You tend to lose your temper in combat. [potion of cure mutation]
 13782 | D:10     | Lost mutation: Your flesh is heat resistant. (rF+) [potion of cure mutation]
 13782 | D:10     | Lost mutation: You are partially covered in icy blue scales. (AC +2) [potion of cure mutation]
 13789 | D:10     | Killed a deep elf mage
 14108 | D:10     | Reached **** piety under Vehumet
 14115 | D:10     | Mangled by a slime creature

Skill      XL: |  1  2  3  4  5  6  7  8  9 10 |
---------------+-------------------------------+-----
Conjurations   | 5 6 7 9 10 | 10.4
Spellcasting   | 4 5 6 9 10 | 10.6
Charms         | 2 3 6 9 10 | 10.2
Dodging        | 3 4 5 6 8 |  8.2
Shields        | 1 4 |  4.1
Hexes          | 3 6 |  6.4
Stealth        | |  2.4

Action                   |  1- 3 |  4- 6 |  7- 9 | 10-12 || total
-------------------------+-------+-------+-------+-------++-------
Melee: Dagger            |       |    26 |    11 |     7 ||    44
 Cast: Magic Dart        |    70 |   144 |   222 |   126 ||   562
       Searing Ray       |     1 |    13 |    24 |    16 ||    54
       Iskenderun's Myst |       |     1 |    14 |    13 ||    28
       Iskenderun's Batt |       |       |    11 |     9 ||    20
       Fulminant Prism   |       |       |       |     6 ||     6
  Use: Potion            |       |       |     5 |     3 ||     8
       Scroll            |       |       |       |    22 ||    22
  Eat: Chunk             |     1 |    11 |    19 |     9 ||    40
       Beef jerky        |       |       |     1 |       ||     1
       Royal jelly       |       |       |     1 |       ||     1
       Pizza             |       |       |     1 |       ||     1
Armor: Robe              |     3 |    28 |    30 |    20 ||    81
       Skin              |       |       |    27 |       ||    27
Dodge: Dodged            |     4 |    39 |    64 |    69 ||   176
Block: Buckler           |       |       |     7 |    19 ||    26
